 Dungeon Crawl Stone Soup version 0.25.1-2-g60ff931df9 (webtiles) character file.

Game seed: 5046469193211129226

776 Curus the Spear-Bearer (level 7, -3/56 HPs)
             Began as a Minotaur Gladiator on Aug 24, 2020.
             Was an Initiate of Okawaru.
             Slain by Duvessa
             ... wielding a +0 short sword of electrocution
              (13 damage)
             ... on level 5 of the Dungeon on Aug 25, 2020.
             The game lasted 00:27:46 (4006 turns).

Curus the Spear-Bearer (Minotaur Gladiator)         Turns: 4006, Time: 00:27:46

Health: -3/56      AC:  9    Str: 20    XL:     7   Next: 54%
Magic:  6/6        EV: 11    Int:  9    God:    Okawaru [......]
Gold:   198        SH:  3    Dex: 12    Spells: 6/6 levels left

rFire    + . .     SeeInvis .   a - +0 trident
rCold    + . .     Gourm    .   v - +0 buckler
rNeg     . . .     Faith    .   q - +0 ring mail (curse)
rPois    .         Spirit   .   g - +2 hat
rElec    .         Reflect  .   s - scarf {rC+ rF+}
rCorr    .         Harm     .   l - +1 pair of gloves
MR       .....                  (no boots)
Stlth    +.........             k - amulet of regeneration
HPRegen  0.58/turn              h - ring of wizardry
MPRegen  0.10/turn              (no ring)

@: no status effects
A: retaliatory headbutt, horns 2, clever 1, strong 1
a: Renounce Religion


You were on level 5 of the Dungeon.
You worshipped Okawaru.
Okawaru was noncommittal.
You were not hungry.

You visited 2 branches of the dungeon, and saw 6 of its levels.

You collected 198 gold pieces.

Inventory:

Hand Weapons
 a - a +0 trident (weapon)
Missiles
 d - a throwing net (quivered)
Armour
 b - a +0 leather armour
 c - a +0 hat
 e - a +1 leather armour
 g - a +2 hat (worn)
 l - a +1 pair of gloves (worn)
 q - a cursed +0 ring mail (worn)
 r - a +0 cloak
 s - a scarf of resistance (worn)
 u - the +1 scale mail of Midwinter {Dex+4}
   (You found it on level 4 of the Dungeon)

   It affects your dexterity (+4).
 v - a +0 buckler (worn)
 x - a +2 leather armour of cold resistance
Jewellery
 h - a ring of wizardry (left hand)
 k - an amulet of regeneration (around neck)
 w - an uncursed ring of wizardry
Scrolls
 i - a scroll of teleportation
 o - 2 scrolls of identify
 y - a scroll of magic mapping
Potions
 j - a potion of ambrosia
 m - 4 potions of curing
 n - a potion of resistance
 p - a potion of heal wounds
Comestibles
 f - 9 rations
 t - 2 chunks of flesh


   Skills:
 - Level 2.4 Fighting
 + Level 10.6 Polearms
 - Level 2.0 Throwing
 - Level 3.2 Dodging


You had 6 spell levels left.
You didn't know any spells.
Your spell library contained the following spells:

 Spells                   Type           Power        Failure   Level  Hunger
 Apportation              Tloc           #.....       41%         1    ##.....
 Foxfire                  Conj/Fire      #...         41%         1    ##.....
 Freeze                   Ice            #...         41%         1    ##.....
 Summon Butterflies       Summ           #.......     41%         1    ##.....
 Conjure Flame            Conj/Fire      #.......     77%         3    ####...
 Frozen Ramparts          Ice            #.....       77%         3    ####...
 Inner Flame              Hex/Fire       #.......     77%         3    ####...
 Lesser Beckoning         Tloc           #.........   77%         3    ####...
 Ozocubu's Armour         Chrm/Ice       #.......     77%         3    ####...
 Tukima's Dance           Hex            #.......     77%         3    ####...
 Hailstorm                Conj/Ice       #.......     98%         4    #####..
 Sticky Flame             Conj/Fire      #.......     98%         4    #####..
 Summon Ice Beast         Ice/Summ       #.......     98%         4    #####..
 Alistair's Intoxication  Tmut/Pois      #.......     100%        5    ######.
 Fireball                 Conj/Fire      #.........   100%        5    ######.
 Invisibility             Hex            #.......     100%        6    #######


Dungeon Overview and Level Annotations

Branches:
Dungeon (5/15)             Temple (1/1) D:5

Altars:
Ashenzari
Dithmenos
Elyvilon
Hepliaklqana
Nemelex Xobeh
Okawaru
Ru
Trog
Uskayaw
Vehumet
Xom

Annotations:
D:5 Duvessa


Innate Abilities, Weirdness & Mutations

You reflexively headbutt those who attack you in melee.
You have a pair of horns on your head.
Your mind is acute. (Int +2)
Your muscles are strong. (Str +2)


Message History

Press: ? - help, Shift-Dir - straight line, f - Duvessa
Aim: Duvessa, wielding a +0 short sword of electrocution and wearing a +0 scale mail (heavily wounded, berserk)
You throw a throwing net. The throwing net barely misses Duvessa.
Duvessa hits you with a +0 short sword of electrocution.
You hit Duvessa but do no damage. You headbutt Duvessa!
Duvessa is severely wounded.
You block Duvessa's attack.
You barely miss Duvessa.
Duvessa is severely wounded.
Duvessa misses you.
You hit Duvessa but do no damage. Your headbutt misses Duvessa.
Duvessa is severely wounded.
Duvessa hits you with a +0 short sword of electrocution!
* * * LOW HITPOINT WARNING * * *
Throwing (i - inventory)
d - 2 throwing nets (quivered)
Press: ? - help, Shift-Dir - straight line, f/p - Duvessa
Aim: Duvessa, wielding a +0 short sword of electrocution and wearing a +0 scale mail (severely wounded, berserk)
You throw a throwing net. The throwing net barely misses Duvessa.
Duvessa hits you with a +0 short sword of electrocution!
You die...

..........# #....###.#.#...#*,*
...######## ####.# #......##*,*
#### #.# ##.#...# *,* #.#
*....##**,* #.# **,,,,,,,,* #.#
*******,** #.# *,**** #.# *,,,,,
############@#* *,,***
#####...<.......e)#*********,,***
......##########....,,,,,,,,,,,,,
####### #..###*******,,,,, #..#
*,,*** #..# *,,*
#..#*********,,***
*#(..,,,,,,,,,,,,,*
**,,,*******,**,,*,*


You could see Duvessa (berserk).

Vanquished Creatures
  Dowan (D:5)
  A wyvern skeleton (D:3)
  A scorpion (D:5)
  A crimson imp (D:5)
  Crazy Yiuf (D:3)
  A bullfrog skeleton (D:4)
  2 hounds (D:4)
  2 iguanas (D:5)
  3 orc wizards
  5 worker ants
  A hound skeleton (D:5)
  9 adders
  2 oozes
  3 worms
  3 dart slugs
  A leopard gecko (D:2)
  9 orcs
  8 bats
  5 giant cockroaches
  10 goblins
  8 hobgoblins
  6 jackals
  4 quokkas
  2 ball pythons
  A ball python skeleton (D:4)
  6 frilled lizards
  13 kobolds
  A quokka skeleton (D:4)
  9 rats
119 creatures vanquished.

Vanquished Creatures (others)
  A quokka (D:3)
1 creature vanquished.

Grand Total: 120 creatures vanquished

Notes
Turn   | Place    | Note
-------+----------+-------------------------------------------
     0 | D:1      | Curus the Minotaur Gladiator began the quest for the Orb.
     0 | D:1      | Reached XP level 1. HP: 18/18 MP: 0/0
   109 | D:1      | Reached skill level 4 in Polearms
   197 | D:1      | Reached XP level 2. HP: 25/25 MP: 1/1
   311 | D:1      | You fall into a shaft and drop 1 floor!
   557 | D:1      | Reached skill level 5 in Polearms
   655 | D:1      | Reached XP level 3. HP: 30/30 MP: 2/2
  1093 | D:2      | Found a shadowy altar of Dithmenos.
  1243 | D:2      | Reached XP level 4. HP: 37/37 MP: 3/3
  1246 | D:2      | Reached skill level 6 in Polearms
  1838 | D:3      | Reached XP level 5. HP: 42/42 MP: 4/4
  1957 | D:3      | Found a hazy altar of Hepliaklqana.
  1962 | D:3      | Reached skill level 7 in Polearms
  2062 | D:3      | Found a white marble altar of Elyvilon.
  2249 | D:3      | Noticed a +0 dagger
  2249 | D:3      | Noticed a +0 hand axe
  2252 | D:3      | Found a hide-covered altar of Uskayaw.
  2373 | D:3      | Found a runed translucent door.
  2374 | D:3      | Noticed Crazy Yiuf
  2422 | D:3      | Reached skill level 8 in Polearms
  2537 | D:3      | Killed Crazy Yiuf
  2537 | D:3      | Reached XP level 6. HP: 10/50 MP: 5/5
  2664 | D:4      | Found a shimmering altar of Xom.
  2932 | D:4      | Reached skill level 9 in Polearms
  3191 | D:4      | Got a faintly humming scale mail
  3457 | D:4      | Identified the +1 scale mail of Midwinter {Dex+4} (You
                  | found it on level 4 of the Dungeon)
  3459 | D:5      | Entered Level 5 of the Dungeon
  3522 | D:5      | Found a staircase to the Ecumenical Temple.
  3536 | Temple   | Entered the Ecumenical Temple
  3570 | Temple   | Became a worshipper of Warmaster Okawaru
  3624 | D:5      | Reached XP level 7. HP: 50/56 MP: 6/6
  3663 | D:5      | Gained mutation: Your muscles are strong. (Str +2) [potion
                  | of mutation]
  3663 | D:5      | Gained mutation: Your mind is acute. (Int +2) [potion of
                  | mutation]
  3694 | D:5      | Reached skill level 10 in Polearms
  3787 | D:5      | Found a shattered altar of Ashenzari.
  3986 | D:5      | Noticed Dowan
  3987 | D:5      | Noticed Duvessa
  3996 | D:5      | Killed Dowan
  4006 | D:5      | Slain by Duvessa

Illustrated notes

Levels and vault maps discovered:
D:1:      dpeg_arrival_arbitrary_c, layout_loops_ring
D:2:      kb_forest_paths, layout_basic, lemuel_crystal_altar
D:3:      layout_basic, nicolae_overflow_crystal_walls, dancing_weapons_uskayaw,
          elyvilon_altar_4, uniq_crazy_yiuf_cottage
D:4:      layout_gridville, xom_teletrap_fun, first_ration,
          hangedman_decor_opposing
D:5:      layout_loops_ring, lemuel_doored_altar,
          minmay_temple_entry_sparse_star, uniq_duvessa
Temple:   jpeg_temple_clearing

Skill      XL: |  1  2  3  4  5  6  7 |
---------------+----------------------+-----
Polearms       | 4 5 6 8 9 10 | 10.6
Fighting       | |  2.4
Throwing       | |  2.0
Dodging        | |  3.2

Action                   |  1- 3 |  4- 6 |  7- 9 || total
-------------------------+-------+-------+-------++-------
Melee: Trident           |   106 |   167 |    62 ||   335
       Headbutt          |     9 |    19 |    11 ||    39
Throw: Throwing net      |       |     1 |     2 ||     3
  Use: Scroll            |     7 |     3 |     2 ||    12
       Potion            |     5 |     2 |     1 ||     8
 Stab: Sleeping          |     4 |     1 |       ||     5
  Eat: Chunk             |     1 |     8 |     1 ||    10
Armor: Leather armour    |    16 |    12 |       ||    28
       Skin              |    10 |       |       ||    10
       Ring mail         |       |    21 |    18 ||    39
Dodge: Dodged            |    30 |    82 |    19 ||   131
Block: Buckler           |       |       |     9 ||     9
